 Dungeon Crawl Stone Soup version 0.28.0 (webtiles) character file.

Game seed: 17744045676153757034

112 crabbyslav the Skirmisher (level 4, -1/49 HPs)
             Began as an Ogre Cinder Acolyte on Feb 10, 2022.
             Was a High Priest of Ignis.
             Killed themself with a badly aimed iceblast (16 damage)
             ... on level 3 of the Dungeon.
             The game lasted 00:02:33 (2551 turns).

crabbyslav the Skirmisher (Ogre Cinder Acolyte)     Turns: 2551, Time: 00:02:33

Health: -1/49      AC:  3    Str: 18    XL:     4   Next: 93%
Magic:  1/6        EV: 13    Int: 17    God:    Ignis [*****.]
Gold:   144        SH:  0    Dex:  4    Spells: 4/6 levels left

rFire   + . .      SeeInvis .   j - +3 whip (elec)
rCold   . . .      Faith    .   (no shield)
rNeg    . . .      Spirit   .   b - +0 robe
rPois   .          Reflect  .   (helmet restricted)
rElec   .          Harm     .   (no cloak)
rCorr   .          Rampage  .   (gloves unavailable)
Will    .....                   (boots unavailable)
Stlth   +.........              (no amulet)
HPRegen 0.16/turn               f - +4 ring of evasion
MPRegen 0.10/turn               (no ring)

@: no status effects
A: large, unfitting armour, tough skin 1
a: Renounce Religion, Fiery Armour, Foxfire Swarm, Rising Flame


You were on level 3 of the Dungeon.
You worshipped Ignis.
Ignis was extremely pleased with you.
You visited 1 branch of the dungeon, and saw 3 of its levels.

You collected 144 gold pieces.

Inventory:

Hand Weapons
 j - a +3 whip of electrocution (weapon)
Armour
 b - a +0 robe (worn)
Jewellery
 f - a +4 ring of evasion (left hand)
Wands
 i - a wand of iceblast (7) (quivered)
Scrolls
 c - a scroll of torment {unknown}
 g - a scroll of fear {unknown}
 h - 2 scrolls of fog {unknown}
 m - a scroll of identify {unknown}
Potions
 a - a potion of degeneration {unknown}
 d - a potion of brilliance {unknown}
 e - a potion of heal wounds {unknown}
 k - a potion of curing {unknown}
 l - a potion of flight {unknown}


   Skills:
 + Level 4.5 Fighting
 * Level 4.1 Maces & Flails
 + Level 0.7 Dodging
 + Level 0.1 Stealth
 + Level 1.9 Spellcasting
 - Level 3.0 Fire Magic


You had 4 spell levels left.
You knew the following spells:

 Your Spells              Type           Power      Damage    Failure   Level
a - Scorch                Fire           22%        2d6       9%          2

Your spell library contained the following spells:

 Spells                   Type           Power      Damage    Failure   Level


Dungeon Overview and Level Annotations

Branches:
Dungeon (3/15)

Altars:


Innate Abilities, Weirdness & Mutations

You are too large for most types of armour.
You have tough skin. (AC +1)


Message History

You hit the adder.
The adder is severely wounded.
The adder barely misses you.
You whack the adder! Lightning courses through the adder!
You kill the adder!
The sky beast flickers out of sight!
Deactivating autopickup; reactivate with Ctrl-A.
Casting: Scorch (safe; 9% risk of failure)
Confirm with . or Enter, or press ? or * to list all spells.
You miscast Scorch.
You are very lightly contaminated with residual magic.
Nothing appears to happen.
Something hits you but does no damage.
Okay, then.
Unknown command.
Aiming: Iceblast
Press: ? - help, Q - select action, (/) - cycle Shift-Dir - straight line, f - kobold
Aim: a kobold, wielding a +1 short sword of draining The mass of ice explodes!
The iceblast engulfs something!
The iceblast engulfs you!! Something hits you but does no damage.
Your magical contamination has completely faded away.
Aiming: Iceblast
Press: ? - help, Q - select action, (/) - cycle Shift-Dir - straight line, f/p - kobold
Aim: a kobold, wielding a +1 short sword of draining The mass of ice explodes!
The iceblast engulfs something!
The iceblast engulfs the kobold.
You kill the kobold!
The iceblast engulfs you!
* * * LOW HITPOINT WARNING * * *
Something hits you but does no damage.
A sky beast appears from thin air!
Reactivating autopickup.
Aiming: Iceblast
Press: ? - help, Q - select action, (/) - cycle Shift-Dir - straight line, f - sky beast
Aim: a sky beast (almost dead) That beam is likely to hit you.
Continue anyway?
The mass of ice explodes!
The iceblast engulfs the sky beast!
You kill the sky beast!
The iceblast engulfs you!
You die...

#######
#....o......#
#.###########
#)# #.# #.#
#o# #§#
#.########.
#.†@.......
#.########.
###


There were no monsters in sight!

Vanquished Creatures
  A sky beast (D:3)
  3 gnolls (D:2)
  2 adders (D:3)
  2 worms (D:2)
  A dart slug (D:1)
  3 ball pythons
  2 endoplasms (D:1)
  4 giant cockroaches
  5 goblins
  6 hobgoblins
  12 jackals
  4 bats
  3 frilled lizards (D:1)
  5 kobolds
  A rat (D:2)
54 creatures vanquished.

Notes
Turn   | Place    | Note
-------+----------+-------------------------------------------
     0 | D:1      | crabbyslav the Ogre Cinder Acolyte began the quest for the
                  | Orb.
     0 | D:1      | Reached XP level 1. HP: 24/24 MP: 2/2
   168 | D:1      | Reached XP level 2. HP: 29/32 MP: 3/3
   201 | D:1      | Learned a level 2 spell: Scorch
   410 | D:1      | Noticed a floating eye
   412 | D:1      | Found a faded altar of an unknown god.
   414 | D:1      | Noticed an eye of devastation
   414 | D:1      | Noticed a floating eye
   414 | D:1      | Noticed an eye of devastation
   564 | D:1      | Reached XP level 3. HP: 19/40 MP: 1/4
  1780 | D:2      | Reached XP level 4. HP: 48/49 MP: 3/6
  2509 | D:3      | Noticed a sky beast
  2551 | D:3      | Killed a sky beast
  2551 | D:3      | Killed themself with a badly aimed iceblast

Illustrated notes

Levels and vault maps discovered:
D:1:      dpeg_arrival_concentric_ovals, layout_basic,
          hellmonk_ecumenical_altar_watching_god,
          chequers_serial_rivers_micro_c, nrook_mini_backslash, st_stairs_1
D:2:      layout_rooms
D:3:      cheibrodos_fertilizer, layout_basic, st_stairs_3

Skill      XL: |  1  2  3  4 |
---------------+-------------+-----
Maces & Flails | 3 4 |  4.1
Fire Magic     | 3 |  3.0
Fighting       | |  4.5
Dodging        | |  0.7
Stealth        | |  0.1
Spellcasting   | |  1.9

Action                   |  1- 3 |  4- 6 || total
-------------------------+-------+-------++-------
Melee: Mace              |    82 |    13 ||    95
       Punch             |     1 |       ||     1
       Whip              |       |    23 ||    23
 Cast: Scorch            |    16 |    11 ||    27
Evoke: Wand              |       |     2 ||     2
Armor: Robe              |    36 |    13 ||    49
Dodge: Dodged            |    58 |    41 ||    99
